 Dungeon Crawl Stone Soup version 0.29-a0-337-g68df138881 (webtiles) character file.

Game seed: 14898663274695594777

2817 Dauddaud the Severer (level 9, 0/106 HPs)
             Began as a Minotaur Berserker on Apr 16, 2022.
             Was a Priest of Trog.
             Succumbed to a hornet's poison
             ... on level 7 of the Dungeon.
             The game lasted 00:14:04 (7094 turns).

Dauddaud the Severer (Minotaur Berserker)           Turns: 7094, Time: 00:14:04

Health: 0/106      AC: 10    Str: 27    XL:     9   Next: 44%
Magic:  8/8        EV:  9    Int: 10    God:    Trog [***...]
Gold:   218        SH:  0    Dex:  9    Spells: 8/8 levels left

rFire   . . .      SeeInvis .   H - +2 hand axe (vorpal)
rCold   + . .      Faith    .   (no shield)
rNeg    . . .      Spirit   .   z - +0 chain mail
rPois   .          Reflect  .   (helmet restricted)
rElec   .          Harm     .   (no cloak)
rCorr   .          Rampage  .   o - +0 pair of gloves
Will    ++...                   (no boots)
Stlth   ..........              (no amulet)
HPRegen 1.27/turn               k - +6 ring of intelligence
MPRegen 0.11/turn               m - ring of protection from cold

@: berserking, lethally poisoned (0 -> -3), strong-willed, regenerating, slowed
A: horns 2, retaliatory headbutt
a: Renounce Religion, Berserk, Trog's Hand


You were on level 7 of the Dungeon.
You worshipped Trog.
Trog was most pleased with you.
You visited 2 branches of the dungeon, and saw 8 of its levels.

You collected 314 gold pieces.
You spent 96 gold pieces at shops.

Inventory:

Hand Weapons
 a - a +0 hand axe
 t - a +0 war axe
 x - a +0 morningstar
 H - a +2 vorpal hand axe (weapon)
 J - a +4 hand axe
Armour
 b - a +0 animal skin
 f - a +0 ring mail
 o - a +0 pair of gloves (worn)
 u - a +0 scale mail
 z - a +0 chain mail (worn)
Jewellery
 k - a +6 ring of intelligence (left hand)
 m - a ring of protection from cold (right hand)
 p - the amulet of Fykesta {Faith Will- Dex+4}
   (You found it on level 2 of the Dungeon)

   [amulet of faith]

   It allows you to gain divine favour quickly.
   Dex:       It affects your dexterity (+4).
   Will:      It decreases your willpower.
 v - a ring of resist corrosion
 N - a ring of positive energy
Wands
 w - a wand of paralysis (13)
 C - a wand of iceblast (4)
 P - a wand of flame (5)
Scrolls
 c - a scroll of holy word {unknown}
 g - a scroll of fog {unknown}
 h - a scroll of vulnerability {unknown}
 j - 4 scrolls of immolation {unknown}
 r - a scroll of acquirement {unknown}
 s - 5 scrolls of teleportation
 y - 2 scrolls of summoning
 A - a scroll of enchant weapon
 D - a scroll of magic mapping
 E - a scroll of amnesia
 G - 3 scrolls of enchant armour
 K - 2 scrolls of noise {unknown}
 L - 3 scrolls of fear {unknown}
Potions
 d - a potion of might {unknown}
 e - 2 potions of berserk rage {unknown}
 i - 2 potions of mutation {unknown}
 l - 4 potions of curing
 n - 3 potions of flight {unknown}
 q - 2 potions of degeneration {unknown}
 B - a potion of brilliance {unknown}
 F - a potion of resistance {unknown}
 I - a potion of heal wounds
 M - a potion of attraction {unknown}
 O - 2 potions of ambrosia {unknown}
 Q - a potion of lignification {unknown}


   Skills:
 - Level 3.7 Fighting
 + Level 15.6 Axes
 - Level 2.5 Armour
 - Level 2.2 Dodging


You had 8 spell levels left.
You didn't know any spells.
Your spell library was empty.

Dungeon Overview and Level Annotations

Branches:
Dungeon (7/15)             Temple (1/1) D:5

Altars:
Okawaru

Shops:
D:4 **   D:5 !


Innate Abilities, Weirdness & Mutations

You have a pair of horns on your head.
You reflexively headbutt those who attack you in melee.


Message History

Your skin crawls.
You feel strong-willed.
The shadow imp shouts!
The hornet stings you!
You suddenly lose the ability to move!
The white imp completely misses you. The black bear bites you.
The black bear claws you but does no damage. x2
The hornet stings you!
You feel as though you will be slow longer.
The white imp hits you but does no damage.
The black bear bites you but does no damage.
The black bear claws you but does no damage. x2
The hornet stings you!
* * * LOW HITPOINT WARNING * * *
You feel as though you will be slow longer.
You can move again.
A red film seems to cover your vision as you go berserk!
You feel yourself moving faster!
You feel mighty! The hornet stings you!
* * * LOW HITPOINT WARNING * * *
You feel as though you will be slow longer.
The white imp hits you.
* * * LOW HITPOINT WARNING * * *
The white imp freezes you. You resist.
* * * LOW HITPOINT WARNING * * *
The black bear bites you but does no damage.
The black bear claws you but does no damage.
The black bear completely misses you. The hornet stings you.
* * * LOW HITPOINT WARNING * * *
You are poisoned.
You feel as though you will be slow longer.
The white imp gestures at you. The puff of frost hits you. You resist.
* * * LOW HITPOINT WARNING * * *
The shadow imp shouts, "Out, out, thou euchred saucy tinkerer!"
The black bear barely misses you.
The black bear claws you but does no damage.
The black bear barely misses you. The hornet closely misses you.
You slash the hornet!
The hornet is moderately wounded.
You hit the black bear. You hit the white imp.
You die...

................
...#####........
...+............
.. #####.#......
#.#......
#.#...../
..#####.# ##...
.......'#######
###..?.@5.5....
#...h†y......
#............
####.........
#.........
#.>.......
#.........
..+##.####


You could see a hornet, a black bear, a white imp and a shadow imp.

Vanquished Creatures
  Pikel (D:7)
  Grinder (D:6)
  A steam dragon (D:6)
  Menkaure (D:5)
  Duvessa (D:7)
  A water moccasin (D:5)
  2 black bears
  An ice beast (D:4)
  2 centaurs (D:6)
  4 bullfrogs
  3 scorpions
  Dowan (D:7)
  A howler monkey (D:5)
  5 orc priests
  2 jellies
  3 hounds
  5 iguanas
  5 orc wizards
  8 adders
  A river rat (D:6)
  2 white imps
  4 ufetubi
  A worm (D:3)
  A dart slug (D:1)
  28 orcs
  7 endoplasms
  9 giant cockroaches
  7 goblins
  4 hobgoblins
  4 jackals (D:1)
  2 quokkas
  8 ball pythons
  6 bats
  A frilled lizard (D:1)
  5 kobolds
  6 rats
144 creatures vanquished.

Notes
Turn   | Place    | Note
-------+----------+-------------------------------------------
     0 | D:1      | Dauddaud the Minotaur Berserker began the quest for the
                  | Orb.
     0 | D:1      | Reached XP level 1. HP: 19/19 MP: 0/0
   184 | D:1      | Reached skill level 4 in Axes
   357 | D:1      | Reached XP level 2. HP: 26/27 MP: 1/1
  1076 | D:2      | Identified the amulet of Fykesta {Faith Will- Dex+4}
  1093 | D:2      | Reached skill level 5 in Axes
  1093 | D:2      | Reached XP level 3. HP: 29/33 MP: 2/2
  1366 | D:2      | Reached ** piety under Trog
  1567 | D:2      | Found an iron altar of Okawaru.
  1710 | D:2      | Found a faded altar of an unknown god.
  1859 | D:3      | Reached XP level 4. HP: 40/40 MP: 3/3
  1896 | D:3      | Reached skill level 6 in Axes
  1967 | D:3      | Reached XP level 5. HP: 33/46 MP: 4/4
  1979 | D:3      | Reached skill level 7 in Axes
  2676 | D:4      | Noticed an ice beast
  2691 | D:4      | Killed an ice beast
  2692 | D:4      | Reached skill level 8 in Axes
  2692 | D:4      | Reached XP level 6. HP: 52/52 MP: 5/5
  2942 | D:4      | Found Beugec's Assorted Antiques.
  3305 | D:4      | Reached skill level 9 in Axes
  3333 | D:4      | Found Kaahireps's Gadget Gallery.
  3665 | D:5      | Entered Level 5 of the Dungeon
  3706 | D:5      | Noticed Menkaure
  3720 | D:5      | Killed Menkaure
  3721 | D:5      | Reached XP level 7. HP: 9/58 MP: 6/6
  3941 | D:5      | Reached skill level 10 in Axes
  4419 | D:5      | Found a staircase to the Ecumenical Temple.
  4444 | D:5      | Reached skill level 11 in Axes
  4484 | Temple   | Entered the Ecumenical Temple
  4825 | D:5      | Found Juheinoga's Distillery.
  5020 | D:5      | Reached XP level 8. HP: 61/66 MP: 7/7
  5142 | D:5      | Reached skill level 12 in Axes
  5507 | D:5      | Bought a potion of heal wounds for 60 gold pieces
  5507 | D:5      | Bought a potion of curing for 36 gold pieces
  5956 | D:6      | Reached skill level 13 in Axes
  6021 | D:6      | Reached *** piety under Trog
  6170 | D:6      | Noticed Grinder
  6176 | D:6      | Paralysed by Grinder for 2 turns
  6182 | D:6      | Killed Grinder
  6183 | D:6      | Reached skill level 14 in Axes
  6183 | D:6      | Reached XP level 9. HP: 71/71 MP: 8/8
  6303 | D:6      | You fall into a shaft and drop 1 floor!
  6303 | D:7      | Noticed Duvessa
  6303 | D:7      | Noticed Dowan
  6307 | D:7      | Killed Dowan
  6313 | D:7      | Killed Duvessa
  6984 | D:7      | Noticed Pikel
  6996 | D:7      | Killed Pikel
  6997 | D:7      | Reached skill level 15 in Axes
  7091 | D:7      | Paralysed by a hornet for 2 turns
  7093 | D:7      | HP: 1/106 [white imp/puff of frost (5)]
  7094 | D:7      | Succumbed to a hornet's poison

Illustrated notes

Levels and vault maps discovered:
D:1:      minmay_arrival_semitransparent, layout_basic, serial_park_tiny_pond,
          skrybe_limestone_x
D:2:      layout_loops_cross, ebering_ecumenical_altar_hall, basic_altar
D:3:      layout_loops_ring
D:4:      layout_basic, serial_shops, nicolae_take_the_stairs, nrook_uturn,
          nicolae_shop_gadgets
D:5:      minmay_bubble_buster, layout_loops_ring, minmay_temple_entry_grid,
          serial_shops, nicolae_inconvenience_store, uniq_menkaure
D:6:      layout_loops_cross, gup_sewer_entry_spiral, grunt_ministairs_8,
          uniq_grinder
D:7:      minmay_the_grid_plus [minmay_the_grid_holed_spiral,
          minmay_the_grid_rooms, minmay_the_grid_minigrid_small,
          minmay_the_grid_square_x, minmay_the_grid_prize_inner_circle],
          layout_basic, minivault_24, uniq_duvessa, uniq_pikel
Temple:   mainiacjoe_temple_big_plus

Skill      XL: |  1  2  3  4  5  6  7  8  9 |
---------------+----------------------------+-----
Axes           | 4 5 6 8 9 11 14 15 | 15.6
Fighting       | |  3.7
Armour         | |  2.5
Dodging        | |  2.2

Action                   |  1- 3 |  4- 6 |  7- 9 || total
-------------------------+-------+-------+-------++-------
Melee: Hand axe          |    77 |    37 |   139 ||   253
       Headbutt          |     4 |    20 |    32 ||    56
       Morningstar       |       |    68 |    60 ||   128
       Punch             |       |       |     4 ||     4
Invok: Berserk           |       |     2 |     5 ||     7
       Trog's Hand       |       |     1 |     2 ||     3
  Use: Scroll            |       |       |     6 ||     6
Armor: Ring mail         |    32 |       |       ||    32
       Animal skin       |     3 |       |       ||     3
       Scale mail        |     1 |    39 |       ||    40
       Chain mail        |       |    26 |   114 ||   140
Dodge: Dodged            |    44 |    49 |    66 ||   159

Table legend: (Time is in decaauts)
 A = Elapsed time spent in this place.
 B = Non-inter-level travel time spent in this place.
 C = Inter-level travel time spent in this place.
 D = Time resting spent in this place.
 E = Time spent auto-exploring this place.
 F = Levels seen in this place.
 G = Mean time per level.
                   A        B        C        D        E       F      G
               +--------+--------+--------+--------+--------+-----+--------+
         Total |   7167 |   6879 |    288 |   1303 |   4534 |   8 |  895.9 |
       Dungeon |   6947 |   6659 |    288 |   1087 |   4534 |   7 |  992.4 |
        Temple |    220 |    220 |      0 |    216 |      0 |   1 |  220.0 |
               +--------+--------+--------+--------+--------+-----+--------+

Top non-repeatable levels by time:
     D:5: 1741 daAuts
     D:6: 1200 daAuts
     D:4: 1023 daAuts
     D:1: 982 daAuts
     D:2: 857 daAuts
     D:3: 830 daAuts
     D:7: 312 daAuts
  Temple: 220 daAuts
